 Dungeon Crawl Stone Soup version 0.32-a0-996-gb3226c233f (webtiles) character file.

Game seed: 10138021806986471289

42499 kuniqs the Fencer (level 13, -2/121 (122) HPs)
             Began as a Red Draconian Gladiator on Apr 23, 2024.
             Was a High Priest of Wu Jian.
             Slain by a freezing wraith (16 damage)
             ... summoned by a vampire mage
             ... on level 15 of the Dungeon.
             The game lasted 00:25:36 (14292 turns).

kuniqs the Fencer (Red Draconian Gladiator)        Turns: 14292, Time: 00:25:36

HP:   -2/121 (122)  AC: 11    Str: 15    XL:     13   Next: 85%
MP:   13/13         EV: 21    Int:  6    God:    Wu Jian [*****.]
Gold: 308           SH: 11    Dex: 28    Spells: 12/12 levels left

rFire   + . .        B - +2 scimitar (flame)
rCold   . . .        X - +1 kite shield {reflect}
rNeg    + . .        (body armour unavailable)
rPois   +            (helmet restricted)
rElec   .            f - +0 cloak
rCorr   .            e - +0 pair of gloves
SInv    .            V - +0 pair of boots
Will    .....        q - amulet "Iludogot" {Acrobat -Cast Rampage Int-5 Dex+7}
Stlth   ++           y - ring of positive energy
HPRegen 0.40/turn    r - ring of poison resistance
MPRegen 0.13/turn

%: no spellcasting, reflection, acrobat, rampage
@: slowed, lightly drained, very slow
A: combustion breath, AC +8, unfitting armour, fire resistance 1, cold-blooded,
agile 1, clever 1
a: Combustion Breath, Renounce Religion, Wall Jump, Serpent's Lash, Heavenly
Storm


You were on level 15 of the Dungeon.
You worshipped Wu Jian.
Wu Jian was extremely pleased with you.
You visited 2 branches of the dungeon, and saw 16 of its levels.

You collected 1108 gold pieces.
You spent 800 gold pieces at shops.

Inventory:

Hand Weapons
 d - a +3 great sword
 i - a +0 demon blade
 B - a +2 scimitar of flaming (weapon)
Missiles
 c - 6 throwing nets (quivered)
 x - 34 poisoned darts
 M - 3 curare-tipped darts
Armour
 b - a +0 hat
 e - a +0 pair of gloves (worn)
 f - a +0 cloak (worn)
 V - a +0 pair of boots (worn)
 X - a +1 kite shield of reflection (worn)
Jewellery
 a - a ring of ice
 q - the amulet "Iludogot" (around neck) {Acrobat -Cast Rampage Int-5 Dex+7}
   (You bought it in a shop on level 8 of the Dungeon)

   [amulet of the acrobat]

   Acrobat:   It increases your evasion while moving and waiting.
   Int-5:     It affects your intelligence (-5).
   Dex+7:     It affects your dexterity (+7).
   -Cast:     It prevents spellcasting.
   Rampage:   It bestows one free step when moving towards enemies.
 r - a ring of poison resistance (right hand)
 y - a ring of positive energy (left hand)
 C - a ring of positive energy
 J - a ring of flight
 N - a ring of ice
 Q - a ring of resist corrosion
Wands
 o - a wand of warping (8)
 D - a wand of charming (33)
 I - a wand of light (15)
 P - a wand of polymorph (5)
 U - a wand of flame (16)
 W - a wand of mindburst (3)
Scrolls
 j - 4 scrolls of vulnerability
 m - a scroll of enchant armour
 n - 6 scrolls of teleportation
 u - 3 scrolls of poison
 w - a scroll of revelation
 A - 2 scrolls of immolation
 F - 4 scrolls of enchant weapon
 G - 3 scrolls of blinking
 H - 4 scrolls of identify {@r1}
 R - a scroll of summoning
 T - 2 scrolls of fog
Potions
 g - 3 potions of enlightenment
 h - 2 potions of curing
 k - 2 potions of invisibility
 l - 3 potions of mutation
 p - 5 potions of attraction
 t - a potion of haste
 v - a potion of lignification
 z - 3 potions of cancellation
 E - 2 potions of heal wounds
 K - a potion of ambrosia
 L - a potion of might
 S - 2 potions of resistance
Miscellaneous
 s - a box of beasts
 O - a condenser vane (inert)


   Skills:
 + Level 13.5 Fighting
 * Level 17.3 Long Blades
 - Level 1.7 Throwing
 + Level 11.7 Dodging


You had 12 spell levels left.
You didn't know any spells.
Your spell library contained the following spells:

 Spells                   Type           Power      Damage    Failure   Level
 Blink                    Tloc           0%         N/A       95%         2
 Lesser Beckoning         Tloc           0%         N/A       95%         2
 Maxwell's Portable Pile  Tloc           0%         2d(5-13)  99%         3
 Stone Arrow              Conj/Erth      0%         3d7       99%         3
 Teleport Other           Tloc           0%         N/A       99%         3
 Tukima's Dance           Hex            0%         N/A       99%         3
 Dimensional Bullseye     Hex/Tloc       0%         N/A       100%        4
 Iskenderun's Mystic Bla Conj/Tloc 0%             2d3        (+2d1     100%        4
 Passage of Golubria      Tloc           0%         N/A       100%        4
 Summon Lightning Spire   Summ/Air       0%         N/A       100%        4
 Iskenderun's Battlesphe  Conj           0%         2d6       100%        5
 Silence                  Hex/Air        0%         N/A       100%        5
 Yara's Violent Unravell  Hex/Alch       0%         3d3       100%        5
 Bombard                  Conj/Erth      0%         9d1       100%        6
 Conjure Ball Lightning   Conj/Air       0%         3x3d6     100%        6
 Dispersal                Tloc           0%         N/A       100%        6
 Gell's Gavotte           Tloc           0%         2d(11-16) 100%        6
 Summon Cactus Giant      Summ           0%         N/A       100%        6
 Manifold Assault         Tloc           0%         N/A       100%        7
 Seismic Cannonade        Alch/Erth      0%         6d4       100%        7
 Spellforged Servitor     Conj/Summ      0%         N/A       100%        7
 Discord                  Hex            0%         N/A       100%        8
 Disjunction              Tloc           0%         N/A       100%        8
 Lehudib's Crystal Spear  Conj/Erth      0%         10d2      100%        8
 Animate Armour           Summ/Erth      Unusable   N/A       N/A         4

Dungeon Overview and Level Annotations

Branches:
Dungeon (15/15)            Temple (1/1) D:7            Lair (0/5) D:9
    Orc (0/2) D:11         Vaults (0/5) D:13
 Depths: D:15

Altars:
Ashenzari
Cheibriados
Dithmenos
Elyvilon
Fedhas
Gozag
Hepliaklqana
Kikubaaqudgha
Makhleb
Nemelex Xobeh
Okawaru
Qazlal
Ru
Sif Muna
Trog
Uskayaw
Vehumet
Wu Jian
Xom
Yredelemnul
Zin
The Shining One

Shops:
D:5 *   D:8 =   D:9 !   D:11 :   D:12 !


Innate Abilities, Weirdness & Mutations

You can breathe blasts of explosive embers.
Your fiery red scales are hard. (AC +8)
You cannot fit into any form of body armour.
Your flesh is heat resistant. (rF+)
You are cold-blooded and may be slowed by cold attacks.
You are agile. (Dex +4, Str/Int -1)
Your mind is acute. (Int +4, Str/Dex -1)


Message History

You hit something but do no damage.
You block the spectral centaur warrior's attack.
The spectral centaur warrior barely misses you.
Something hits you. Something bites you but does no damage.
The spectral centaur warrior hits you but does no damage.
The spectral centaur warrior kicks you but does no damage.
Something unexpectedly blocks you, preventing you from rampaging!
You miss something. Something hits you. Something closely misses you.
The spectral centaur warrior completely misses you.
The spectral centaur warrior barely misses you.
Something unexpectedly blocks you, preventing you from rampaging!
You hit something but do no damage. You tail-slap something.
Something completely misses you. Something bites you but does no damage.
Something unexpectedly blocks you, preventing you from rampaging!
You hit something but do no damage.
Your tail-slap misses something.
Something hits you. Something bites you.
Something draws strength from your injuries!
Something unexpectedly blocks you, preventing you from rampaging!
You hit something. You burn something. The freezing wraith barely misses you.
The freezing wraith hits you! The freezing wraith misses you.
The freezing wraith hits you but does no damage.
Something closely misses you. Something bites you!
Something draws strength from your injuries!
Something unexpectedly blocks you, preventing you from rampaging!
You slash something! You burn something. The freezing wraith barely misses you.
The freezing wraith closely misses you. x2
The freezing wraith completely misses you.
Something hits you! Something closely misses you.
Something unexpectedly blocks you, preventing you from rampaging!
You barely miss something. The freezing wraith hits you.
The freezing wraith freezes you!
You feel yourself slow down.
* * * LOW HITPOINT WARNING * * *
The freezing wraith hits you!
* * * LOW HITPOINT WARNING * * *
The freezing wraith drains your vigour!
You feel as though you will be slow longer.
The freezing wraith hits you.
* * * LOW HITPOINT WARNING * * *
The freezing wraith freezes you!
You die...

..............###.......#
...............###.....##
...............# ###.###
################ #.#.# # #
##### .#
#######################..#
............)...Z........#
................WW........
................@{Z.......
.......############)####.#
.......# ... .......#
.ß... .......# .......
.......# Vß....ß ........
..Z.... ........ ....P.P
#..#####


You could see 2 freezing wraiths, a spectral centaur warrior (summoned) and a
sphinx zombie.

Vanquished Creatures
  Kirke (D:15)
  An entropy weaver (shapeshifter) (D:14)
  Harold (D:9)
  2 catoblepae
  5 hydras
  4 centaur warriors
  Erica (D:9)
  A boulder beetle (D:8)
  A two-headed ogre (D:11)
  A sphinx skeleton (D:15)
  5 skeletal warriors
  A fire crab (shapeshifter) (D:13)
  An arcanist (D:15)
  A necromancer (D:15)
  2 orc knights (D:15)
  3 harpies (D:15)
  3 deep elf pyromancers
  A wolf spider (D:15)
  13 cyclopes
  3 manticores
  7 ugly things
  A guardian serpent (shapeshifter) (D:13)
  Joseph (D:7)
  A molten gargoyle (D:13)
  3 gargoyles
  A komodo dragon (D:11)
  2 kobold demonologists
  An efreet (D:13)
  4 trolls
  2 hornets
  A raiju (shapeshifter) (D:14)
  3 slime creatures (D:12)
  A vampire (D:14)
  3 shadows
  A spriggan (shapeshifter) (D:13)
  A human (D:15)
  14 yaks (D:11)
  3 wraiths
  2 steam dragons (D:8)
  3 basilisks (D:15)
  2 wargs
  A redback (shapeshifter) (D:14)
  7 vampire mosquitoes
  3 acid dragons
  A black bear (D:7)
  An ice beast (D:7)
  13 orc warriors
  2 laughing skulls (D:15)
  A sky beast (D:6)
  2 centaurs
  2 ogres
  7 kobold brigands
  5 bullfrogs
  3 wights (D:10)
  3 electric eels
  3 howler monkeys (D:8)
  A lava snake (D:13)
  4 hounds
  2 bombardier beetles
  A gnoll bouda (D:8)
  4 iguanas
  4 orc priests
  3 sleepcaps
  10 orc wizards
  A boggart simulacrum (D:15)
  5 gnolls (D:8)
  11 adders
  A shadow imp (D:8)
  An ufetubus (D:6)
  6 dart slugs
  A ribbon worm (D:3)
  58 orcs
  9 endoplasms
  7 giant cockroaches
  11 goblins
  7 hobgoblins
  4 jackals (D:4)
  5 quokkas
  5 ball pythons
  7 bats
  3 frilled lizards
  30 kobolds
  3 rats
366 creatures vanquished.

Vanquished Creatures (collateral kills)
  A skeletal warrior (D:12)
  4 dart slugs (D:6)
5 creatures vanquished.

Vanquished Creatures (others)
  An ufetubus (D:6)
1 creature vanquished.

Grand Total: 372 creatures vanquished

Notes
Turn   | Place    | Note
-------+----------+-------------------------------------------
     0 | D:1      | kuniqs the Draconian Gladiator began the quest for the Orb.
     0 | D:1      | Reached XP level 1. HP: 17/17 MP: 1/1
   117 | D:1      | Reached XP level 2. HP: 25/25 MP: 2/2
   223 | D:1      | HP: 1/25 [endoplasm (2)]
   628 | D:1      | Reached XP level 3. HP: 26/30 MP: 3/3
  1015 | D:2      | Reached skill level 4 in Long Blades
  1453 | D:3      | Reached XP level 4. HP: 31/36 MP: 4/4
  1702 | D:3      | Found a faded altar of an unknown god.
  1862 | D:3      | Reached XP level 5. HP: 29/45 MP: 5/5
  2519 | D:4      | Reached skill level 5 in Long Blades
  2686 | D:4      | Found Mifyof's Merry Market.
  2731 | D:4      | Reached XP level 6. HP: 45/52 MP: 6/6
  3060 | D:5      | Entered Level 5 of the Dungeon
  3404 | D:5      | Reached skill level 6 in Long Blades
  3436 | D:5      | Your scales start taking on a fiery red colour.
  3436 | D:5      | Reached XP level 7. HP: 60/60 MP: 7/7
  3436 | D:5      | Gained mutation: Your flesh is heat resistant. (rF+) [Red
                  | Draconian growth]
  3477 | D:5      | Found Niucveufid's General Store.
  3511 | D:5      | Bought a potion of cancellation for 88 gold pieces
  3511 | D:5      | Bought a scroll of noise for 11 gold pieces
  3511 | D:5      | Bought a potion of degeneration for 11 gold pieces
  3520 | D:5      | Gained mutation: Your mind is acute. (Int +4, Str/Dex -1)
                  | [potion of mutation]
  3520 | D:5      | Gained mutation: You are agile. (Dex +4, Str/Int -1)
                  | [potion of mutation]
  3811 | D:6      | Found a blossoming altar of Fedhas.
  4109 | D:6      | Reached skill level 5 in Fighting
  4219 | D:6      | Reached skill level 7 in Long Blades
  4646 | D:6      | Reached skill level 5 in Dodging
  4646 | D:6      | Reached XP level 8. HP: 49/69 MP: 8/8
  4811 | D:7      | Found a staircase to the Ecumenical Temple.
  4820 | Temple   | Entered the Ecumenical Temple
  4840 | Temple   | Became a worshipper of the Wu Jian Council
  5206 | D:7      | Found a glowing silver altar of Zin.
  5367 | D:7      | Noticed Joseph
  5397 | D:7      | Killed Joseph
  5398 | D:7      | Reached skill level 8 in Long Blades
  5897 | D:8      | Reached * piety under Wu Jian
  5898 | D:8      | Reached XP level 9. HP: 63/78 MP: 9/9
  5901 | D:8      | Reached skill level 9 in Long Blades
  5939 | D:8      | Found Kop Dage's Jewellery Shop.
  5959 | D:8      | Found an iron altar of Okawaru.
  5983 | D:8      | Noticed a troll
  5993 | D:8      | Killed a troll
  6200 | D:8      | Noticed a deep elf pyromancer
  6205 | D:8      | Noticed a boulder beetle
  6237 | D:8      | Bought the amulet "Iludogot" {Acrobat -Cast Rampage Int-5
                  | Dex+7} for 410 gold pieces
  6418 | D:8      | Noticed a centaur warrior
  6428 | D:8      | Killed a centaur warrior
  6429 | D:8      | Reached skill level 10 in Long Blades
  6436 | D:8      | Noticed a seven-headed hydra
  6631 | D:7      | HP: 3/80 [seven-headed hydra (10)]
  6638 | D:7      | Killed a seven-headed hydra
  6886 | D:8      | Killed a deep elf pyromancer
  6887 | D:8      | Reached XP level 10. HP: 88/88 MP: 10/10
  6918 | D:8      | Killed a boulder beetle
  6919 | D:8      | Reached skill level 11 in Long Blades
  7137 | D:8      | Noticed a cyclops
  7455 | D:8      | Got the Parchment of the Manifold and the Swarm
  7567 | D:8      | Killed a cyclops
  7660 | D:9      | Found Uton's Distillery.
  7729 | D:9      | Noticed Erica
  7801 | D:9      | Noticed a cyclops
  7853 | D:9      | Killed Erica
  7854 | D:9      | Reached skill level 12 in Long Blades
  8076 | D:9      | Noticed Harold
  8090 | D:9      | Killed Harold
  8090 | D:9      | Reached ** piety under Wu Jian
  8095 | D:9      | Reached XP level 11. HP: 66/97 MP: 11/11
  8276 | D:9      | Found an ancient bone altar of Kikubaaqudgha.
  8290 | D:9      | Found a staircase to the Lair.
  8468 | D:9      | Found a hazy altar of Hepliaklqana.
  8539 | D:9      | Found a hide-covered altar of Uskayaw.
  8541 | D:9      | Found a basalt altar of Yredelemnul.
  8624 | D:10     | Entered Level 10 of the Dungeon
  8696 | D:10     | Noticed a centaur warrior
  8703 | D:10     | Killed a centaur warrior
  9340 | D:11     | Reached skill level 10 in Fighting
  9374 | D:11     | Noticed a white ugly thing
  9389 | D:11     | Killed a white ugly thing
  9390 | D:11     | Reached skill level 13 in Long Blades
  9403 | D:11     | Noticed a two-headed ogre
  9409 | D:11     | Killed a two-headed ogre
  9440 | D:11     | Found Giufyxod's Book Shoppe.
  9582 | D:11     | Reached *** piety under Wu Jian
  9908 | D:11     | Reached skill level 14 in Long Blades
  9925 | D:11     | Found a staircase to the Orcish Mines.
 10189 | D:12     | Reached XP level 12. HP: 99/110 MP: 12/12
 10214 | D:12     | Found Sablal's Distillery.
 10448 | D:12     | Bought 2 potions of resistance for 280 gold pieces
 10626 | D:12     | Reached **** piety under Wu Jian
 10935 | D:12     | Reached skill level 10 in Dodging
 11017 | D:12     | Reached skill level 15 in Long Blades
 11489 | D:13     | Noticed a centaur warrior
 11489 | D:13     | Found a sacrificial altar of Ru.
 11489 | D:13     | Noticed a six-headed hydra
 11495 | D:13     | Killed a two-headed hydra
 11744 | D:13     | Noticed a catoblepas
 11751 | D:13     | Killed a catoblepas
 12015 | D:13     | Noticed a four-headed hydra
 12022 | D:13     | Killed a one-headed hydra
 12069 | D:13     | Killed a centaur warrior
 12070 | D:13     | Reached XP level 13. HP: 47/119 MP: 13/13
 12380 | D:13     | Found a gate to the Vaults.
 12709 | D:14     | Reached skill level 16 in Long Blades
 13368 | D:15     | Entered Level 15 of the Dungeon
 13576 | D:15     | Reached ***** piety under Wu Jian
 13820 | D:15     | Noticed Kirke
 13829 | D:15     | Killed Kirke
 13968 | D:15     | Reached skill level 17 in Long Blades
 14292 | D:15     | Slain by a freezing wraith

Illustrated notes

Levels and vault maps discovered:
D:1:      reono_arrival_mine, layout_basic
D:2:      layout_rooms, grunt_ministairs_13
D:3:      cheibrodos_helix_gallery, layout_loops_corners,
          hellmonk_ecumenical_altar_inner_sanctum
D:4:      layout_loops_ring, nicolae_alphabet_shops
D:5:      layout_rooms, serial_shops,
          nicolae_shop_temple_entry_statues_fountains
D:6:      kennysheep_slugbush, layout_cave_pods, fedhas_ov_isle_minmay
D:7:      layout_gridville, lemuel_crystal_altar,
          minmay_temple_entry_statues_fountains, nicolae_fountain_basement,
          uniq_joseph
D:8:      minmay_the_grid_triangle_9x9_recursive_2
          [minmay_the_grid_triangle_9x9_prize_center,
          minmay_the_grid_triangle_9x9_wacky_v,
          minmay_the_grid_triangle_9x9_thin_v,
          minmay_the_grid_triangle_9x9_zippers_vertical], layout_rooms,
          okawaru_ov_weapons_minmay, serial_shops, nicolae_inconvenience_store,
          chequers_serial_rivers_small_3
D:9:      layout_loops_ring, nzn_hepliaklqana_mist_gate,
          nicolae_overflow_hidden_temple, lair_entry_dummy, serial_shops,
          nicolae_shop_trees, uniq_erica, uniq_harold
D:10:     layout_gridville, chequers_hall_statues_wall_a
D:11:     layout_roguey, david_orc_3, serial_shops, shop
D:12:     nicolae_cairo_tiling_large_dashed, layout_gridville, serial_shops,
          nicolae_shop_tiny_real_fake_doors
D:13:     layout_basic, david_vaults_2, kennysheep_path_1, grunt_ministairs_5,
          hangedman_ru_absence
D:14:     layout_rooms, serial_rivers, chequers_serial_rivers_large_a,
          chequers_serial_rivers_large_b, chequers_serial_rivers_room_a,
          chequers_serial_rivers_micro_e
D:15:     gammafunk_depths_entry_grave, layout_long_grid, special_room
          [special_room_orc], argonaut_gorgonesque, uniq_kirke
Temple:   regret_index_temple_generic_petals

Skill      XL: |  1  2  3  4  5  6  7  8  9 10 11 12 13 |
---------------+----------------------------------------+-----
Dodging        | 3 4 5 6 7 8 9 10 11 | 11.7
Long Blades    | 4 5 6 7 8 10 12 14 15 17 | 17.3
Fighting       | 3 4 5 6 8 9 11 12 13 | 13.5
Throwing       | |  1.7

Action                     |  1- 3 |  4- 6 |  7- 9 | 10-12 | 13-15 || total
---------------------------+-------+-------+-------+-------+-------++-------
  Melee: Long sword        |   112 |       |    52 |   132 |       ||   296
         Tailslap          |     9 |    42 |    46 |   109 |    45 ||   251
         Dagger            |     7 |   279 |   246 |       |       ||   532
         Scimitar          |       |       |       |   409 |   255 ||   664
         Demon blade       |       |       |       |    25 |       ||    25
  Throw: Dart              |       |       |     5 |    12 |       ||    17
 Invoke: Serpent's Lash    |       |       |       |     1 |     1 ||     2
Ability: Combustion Breath |       |       |     4 |     4 |     3 ||    11
         Lunge             |       |       |     7 |    38 |    24 ||    69
         Whirlwind         |       |       |     3 |    33 |    39 ||    75
  Evoke: Wand              |       |       |     9 |     7 |     1 ||    17
         Box of beasts     |       |       |       |     1 |       ||     1
         Condenser vane    |       |       |       |       |     1 ||     1
    Use: Scroll            |       |       |    15 |     5 |     2 ||    22
         Potion            |       |       |     4 |       |     1 ||     5
   Stab: Sleeping          |     2 |       |     3 |     4 |     3 ||    12
         Invisible         |       |       |     1 |     3 |     1 ||     5
         Distracted        |       |       |       |     1 |     1 ||     2
 Armour: Skin              |    83 |   131 |   181 |   171 |    95 ||   661
  Dodge: Dodged            |    73 |   154 |   226 |   358 |   184 ||   995
  Block: Kite shield       |       |       |       |       |    20 ||    20

Table legend: (Time is in decaauts)
 A = Elapsed time spent in this place.
 B = Non-inter-level travel time spent in this place.
 C = Inter-level travel time spent in this place.
 D = Time resting spent in this place.
 E = Time spent auto-exploring this place.
 F = Levels seen in this place.
 G = Mean time per level.
                   A        B        C        D        E       F      G
               +--------+--------+--------+--------+--------+-----+--------+
         Total |  14124 |  13474 |    650 |   3190 |   7658 |  16 |  882.8 |
       Dungeon |  14085 |  13466 |    619 |   3190 |   7658 |  15 |  939.0 |
        Temple |     38 |      8 |     30 |      0 |      0 |   1 |   38.0 |
               +--------+--------+--------+--------+--------+-----+--------+

Top non-repeatable levels by time:
     D:8: 1472 daAuts
     D:7: 1369 daAuts
    D:12: 1339 daAuts
    D:13: 1126 daAuts
     D:6: 1072 daAuts
     D:3: 972 daAuts
    D:15: 896 daAuts
     D:1: 889 daAuts
     D:9: 826 daAuts
     D:4: 815 daAuts
    D:11: 782 daAuts
    D:14: 757 daAuts
    D:10: 669 daAuts
     D:5: 601 daAuts
     D:2: 494 daAuts
